 Dungeon Crawl Stone Soup version 0.31-a0-263-ge8cad7f256 (webtiles) character file.

Game seed: 2920496655458521977

100 qw the Shooter (level 4, -1/36 HPs)
             Began as a Minotaur Hexslinger on July 13, 2023.
             Slain by Natasha (9 damage)
             ... on level 2 of the Dungeon.
             The game lasted 00:06:26 (3054 turns).

qw the Shooter (Minotaur Hexslinger)                Turns: 3054, Time: 00:06:26

Health: -1/36      AC:  2    Str: 12    XL:     4   Next: 47%
Magic:  4/4        EV: 12    Int: 10    God:
Gold:   214        SH:  0    Dex: 15    Spells: 4/5 levels left

rFire   . . .        Y - +1 sling
rCold   + . .        (no shield)
rNeg    + . .        c - +0 robe
rPois   .            (helmet restricted)
rElec   .            (no cloak)
rCorr   .            (no gloves)
SInv    .            (no boots)
Will    .....        (no amulet)
Stlth   +            b - ring of Suddiafe {rC+ rN+}
HPRegen 0.26/turn    (no ring)
MPRegen 0.09/turn

%: no passive effects
@: no status effects
A: horns 2, retaliatory headbutt
a: no special abilities


You were on level 2 of the Dungeon.
You visited 1 branch of the dungeon, and saw 4 of its levels.

You collected 214 gold pieces.


Innate Abilities, Weirdness & Mutations

You have a pair of horns on your head.
You reflexively headbutt those who attack you in melee.


   Skills:
 + Level 2.1 Fighting
 - Level 5.0 Ranged Weapons
 - Level 2.1 Dodging
 - Level 1.0 Spellcasting
 - Level 2.0 Hexes


You had 4 spell levels left.
You knew the following spells:

 Your Spells              Type           Power      Damage    Failure   Level
a - Slow                  Hex            16%        N/A       16%         1

Your spell library contained the following spells:

 Spells                   Type           Power      Damage    Failure   Level
 Inner Flame              Hex/Fire       2%         N/A       56%         3
 Portal Projectile        Hex/Tloc       4%         N/A       56%         3
 Cause Fear               Hex            2%         N/A       83%         4

Inventory:

Hand Weapons
 Y - a +1 sling (weapon)
Armour
 c - a +0 robe (worn)
Jewellery
 b - the ring of Suddiafe (left hand) {rC+ rN+}
   (You took it off a kobold on level 2 of the Dungeon)

   [ring of protection from cold]

   rC:        It protects you from cold.
   rN:        It protects you from negative energy.
Scrolls
 d - a scroll of immolation {unknown}
 e - a scroll of identify
Potions
 a - a potion of degeneration {unknown}
 f - a potion of enlightenment

Dungeon Overview and Level Annotations

Branches:
Dungeon (4/15)
 Temple: D:4-7

Altars:
The Shining One

Annotations:
D:2 Natasha


Message History

Enter note:
Enter note: You shoot a sling bullet.
The sling bullet hits Natasha.
Natasha is lightly wounded.
Natasha howls an incantation.
Natasha's front paws start to glow.
You shoot a sling bullet. The sling bullet misses Natasha.
Natasha casts a spell.
You shoot a sling bullet.
The sling bullet hits Natasha but does no damage.
Natasha is lightly wounded.
You shoot a sling bullet.
The sling bullet hits Natasha but does no damage.
Natasha is lightly wounded.
You shoot a sling bullet. The sling bullet hits Natasha.
Natasha is moderately wounded.
Natasha stares at you and mumbles some strange words.
The magic dart hits you.
You shoot a sling bullet. The sling bullet barely misses Natasha.
The sling bullet hits the cerulean imp!
The cerulean imp is heavily wounded.
The cerulean imp misses you. Natasha closely misses you.
You shoot a sling bullet. The sling bullet misses Natasha.
The sling bullet misses the cerulean imp.
The cerulean imp hits you from afar with a +1 spear.
Natasha claws you.
The cerulean imp hits you from afar with a +1 spear.
You shoot a sling bullet. The sling bullet barely misses Natasha.
The sling bullet hits the cerulean imp.
The cerulean imp is severely wounded.
Natasha claws you. The cerulean imp barely misses you.
You shoot a sling bullet. The sling bullet barely misses Natasha.
The sling bullet closely misses the cerulean imp.
Natasha claws you! The cerulean imp barely misses you.
You shoot a sling bullet. The sling bullet hits Natasha.
Natasha is heavily wounded.
Natasha mumbles some strange words.
The cerulean imp hits you from afar with a +1 spear.
Natasha claws you!
You die...

..#..............##
..................#
..#######..#####..#
...# #..# #..#
##.######..#####..#
##............##..#
##.######..##.##..#
##.# ##.###.##..#
##.# ##...##.##@.##
##.# #.........h5.#
##.####....##.##5#.#
..........###.##.#.#
........### #.##.#.#
...###### #....#.#
#.## #.##.#.# #.#
######.##.#.# ..#
##...#.......#


You could see Natasha and 2 cerulean imps.

Vanquished Creatures
  3 adders (D:2)
  3 dart slugs
  15 endoplasms
  6 giant cockroaches
  3 goblins
  3 hobgoblins
  6 jackals
  2 quokkas
  2 ball pythons
  A bat (D:2)
  5 frilled lizards
  6 kobolds
  7 rats
62 creatures vanquished.

Notes
Turn   | Place    | Note
-------+----------+-------------------------------------------
     0 | D:1      | qw the Minotaur Hexslinger began the quest for the Orb.
     0 | D:1      | Reached XP level 1. HP: 16/16 MP: 1/1
     0 | D:1      | 0 ||| qw: Version: 0.3-a-52-g30416fa
     0 | D:1      | 0 ||| qw: Game counter: 7261
     0 | D:1      | 0 ||| qw: Melee chars always use a shield: true
     0 | D:1      | 0 ||| qw: God list: Okawaru
     0 | D:1      | 0 ||| qw: Allow faded altars: false
     0 | D:1      | 0 ||| qw: Do Orc after clearing Dungeon:15 true
     0 | D:1      | 0 ||| qw: Do second Lair branch before Depths: true
     0 | D:1      | 0 ||| qw: Lair rune preference: random
     0 | D:1      | 0 ||| qw: Goals: Normal
     0 | D:1      | 0 ||| PLANNING D:1-11
    97 | D:1      | Reached skill level 3 in Ranged Weapons
    97 | D:1      | Reached XP level 2. HP: 20/23 MP: 2/2
   410 | D:1      | Found a faded altar of an unknown god.
   468 | D:1      | 468 ||| Stepping ~*~*~tactically~*~*~ (water).
   470 | D:1      | Reached XP level 3. HP: 29/29 MP: 3/3
   840 | D:1      | 840 ||| READING scroll labelled HAABULEURA.
   841 | D:1      | 841 ||| READING scroll labelled GAAS GOMENN.
   842 | D:1      | 842 ||| READING scroll labelled YTINUU BAYL.
   846 | D:1      | 846 ||| READING scroll labelled FUNOUBBA GOSTREWEUH.
   847 | D:1      | 847 ||| READING scroll labelled FUCEP TIUTHRARGHUO.
   848 | D:1      | 848 ||| DRINKING 2 inky potions.
   849 | D:1      | 849 ||| DROPPING scroll of poison.
   898 | D:2      | Identified the ring of Suddiafe {rC+ rN+}
   903 | D:2      | Reached skill level 4 in Ranged Weapons
  1102 | D:2      | You fall into a shaft and drop 1 floor!
  1118 | D:3      | 1118 ||| UPGRADING to ring of Suddiafe {rC+ rN+}.
  1119 | D:3      | 1119 ||| READING scroll labelled LYIFIP WURIUL.
  1220 | D:3      | 1220 ||| READING scroll labelled JAIGOCLUFA.
  1224 | D:3      | 1224 ||| DRINKING 2 silvery potions.
  1232 | D:3      | 1232 ||| DROPPING potion of ambrosia.
  1233 | D:3      | 1233 ||| Stepping randomly (stuck).
  1234 | D:3      | 1234 ||| Stepping randomly (stuck).
  1235 | D:3      | 1235 ||| Stepping randomly (stuck).
  1236 | D:3      | 1236 ||| Stepping randomly (stuck).
  1237 | D:3      | 1237 ||| Stepping randomly (stuck).
  1238 | D:3      | 1238 ||| Stepping randomly (stuck).
  1239 | D:3      | 1239 ||| Stepping randomly (stuck).
  1240 | D:3      | 1240 ||| Stepping randomly (stuck).
  1241 | D:3      | 1241 ||| Stepping randomly (stuck).
  1242 | D:3      | 1242 ||| Stepping randomly (stuck).
  1243 | D:3      | 1243 ||| Stepping randomly (stuck).
  1244 | D:3      | 1244 ||| Stepping randomly (stuck).
  1245 | D:3      | 1245 ||| Stepping randomly (stuck).
  1246 | D:3      | 1246 ||| Stepping randomly (stuck).
  1247 | D:3      | 1247 ||| Stepping randomly (stuck).
  1248 | D:3      | 1248 ||| Stepping randomly (stuck).
  1249 | D:3      | 1249 ||| Stepping randomly (stuck).
  1250 | D:3      | 1250 ||| Stepping randomly (stuck).
  1251 | D:3      | 1251 ||| Stepping randomly (stuck).
  1252 | D:3      | 1252 ||| Stepping randomly (stuck).
  1253 | D:3      | 1253 ||| Stepping randomly (stuck).
  1254 | D:3      | 1254 ||| Stepping randomly (stuck).
  1255 | D:3      | 1255 ||| Stepping randomly (stuck).
  1256 | D:3      | 1256 ||| Stepping randomly (stuck).
  1257 | D:3      | 1257 ||| Stepping randomly (stuck).
  1258 | D:3      | 1258 ||| Stepping randomly (stuck).
  1259 | D:3      | 1259 ||| Stepping randomly (stuck).
  1260 | D:3      | 1260 ||| Stepping randomly (stuck).
  1261 | D:3      | 1261 ||| Stepping randomly (stuck).
  1262 | D:3      | 1262 ||| Stepping randomly (stuck).
  1263 | D:3      | 1263 ||| Stepping randomly (stuck).
  1264 | D:3      | 1264 ||| Stepping randomly (stuck).
  1265 | D:3      | 1265 ||| Stepping randomly (stuck).
  1266 | D:3      | 1266 ||| Stepping randomly (stuck).
  1267 | D:3      | 1267 ||| Stepping randomly (stuck).
  1268 | D:3      | 1268 ||| Stepping randomly (stuck).
  1269 | D:3      | 1269 ||| Stepping randomly (stuck).
  1270 | D:3      | 1270 ||| Stepping randomly (stuck).
  1271 | D:3      | 1271 ||| Stepping randomly (stuck).
  1272 | D:3      | 1272 ||| Stepping randomly (stuck).
  1273 | D:3      | 1273 ||| Stepping randomly (stuck).
  1274 | D:3      | 1274 ||| Stepping randomly (stuck).
  1275 | D:3      | 1275 ||| Stepping randomly (stuck).
  1276 | D:3      | 1276 ||| Stepping randomly (stuck).
  1277 | D:3      | 1277 ||| Stepping randomly (stuck).
  1278 | D:3      | 1278 ||| Stepping randomly (stuck).
  1279 | D:3      | 1279 ||| Stepping randomly (stuck).
  1280 | D:3      | 1280 ||| Stepping randomly (stuck).
  1281 | D:3      | 1281 ||| Stepping randomly (stuck).
  1282 | D:3      | 1282 ||| Stepping randomly (stuck).
  1283 | D:3      | 1283 ||| Stepping randomly (stuck).
  1284 | D:3      | 1284 ||| Stepping randomly (stuck).
  1285 | D:3      | 1285 ||| Stepping randomly (stuck).
  1286 | D:3      | 1286 ||| Stepping randomly (stuck).
  1287 | D:3      | 1287 ||| Stepping randomly (stuck).
  1288 | D:3      | 1288 ||| Stepping randomly (stuck).
  1289 | D:3      | 1289 ||| Stepping randomly (stuck).
  1290 | D:3      | 1290 ||| Stepping randomly (stuck).
  1291 | D:3      | 1291 ||| Stepping randomly (stuck).
  1292 | D:3      | 1292 ||| Stepping randomly (stuck).
  1293 | D:3      | 1293 ||| Stepping randomly (stuck).
  1294 | D:3      | 1294 ||| Stepping randomly (stuck).
  1295 | D:3      | 1295 ||| Stepping randomly (stuck).
  1296 | D:3      | 1296 ||| Stepping randomly (stuck).
  1297 | D:3      | 1297 ||| Stepping randomly (stuck).
  1298 | D:3      | 1298 ||| Stepping randomly (stuck).
  1299 | D:3      | 1299 ||| Stepping randomly (stuck).
  1300 | D:3      | 1300 ||| Stepping randomly (stuck).
  1301 | D:3      | 1301 ||| Stepping randomly (stuck).
  1302 | D:3      | 1302 ||| Stepping randomly (stuck).
  1303 | D:3      | 1303 ||| Stepping randomly (stuck).
  1304 | D:3      | 1304 ||| Stepping randomly (stuck).
  1305 | D:3      | 1305 ||| Stepping randomly (stuck).
  1306 | D:3      | 1306 ||| Stepping randomly (stuck).
  1307 | D:3      | 1307 ||| Stepping randomly (stuck).
  1308 | D:3      | 1308 ||| Stepping randomly (stuck).
  1309 | D:3      | 1309 ||| Stepping randomly (stuck).
  1310 | D:3      | 1310 ||| Stepping randomly (stuck).
  1311 | D:3      | 1311 ||| Stepping randomly (stuck).
  1312 | D:3      | 1312 ||| Stepping randomly (stuck).
  1313 | D:3      | 1313 ||| Stepping randomly (stuck).
  1314 | D:3      | 1314 ||| Stepping randomly (stuck).
  1315 | D:3      | 1315 ||| Stepping randomly (stuck).
  1316 | D:3      | 1316 ||| Stepping randomly (stuck).
  1317 | D:3      | 1317 ||| Stepping randomly (stuck).
  1318 | D:3      | 1318 ||| Stepping randomly (stuck).
  1319 | D:3      | 1319 ||| Stepping randomly (stuck).
  1320 | D:3      | 1320 ||| Stepping randomly (stuck).
  1321 | D:3      | 1321 ||| Stepping randomly (stuck).
  1322 | D:3      | 1322 ||| Stepping randomly (stuck).
  1323 | D:3      | 1323 ||| Stepping randomly (stuck).
  1324 | D:3      | 1324 ||| Stepping randomly (stuck).
  1325 | D:3      | 1325 ||| Stepping randomly (stuck).
  1326 | D:3      | 1326 ||| Stepping randomly (stuck).
  1327 | D:3      | 1327 ||| Stepping randomly (stuck).
  1328 | D:3      | 1328 ||| Stepping randomly (stuck).
  1329 | D:3      | 1329 ||| Stepping randomly (stuck).
  1330 | D:3      | 1330 ||| Stepping randomly (stuck).
  1331 | D:3      | 1331 ||| Stepping randomly (stuck).
  1332 | D:3      | 1332 ||| Stepping randomly (stuck).
  1333 | D:3      | 1333 ||| Stepping randomly (stuck).
  1334 | D:3      | 1334 ||| Stepping randomly (stuck).
  1335 | D:3      | 1335 ||| Stepping randomly (stuck).
  1336 | D:3      | 1336 ||| Stepping randomly (stuck).
  1337 | D:3      | 1337 ||| Stepping randomly (stuck).
  1338 | D:3      | 1338 ||| Stepping randomly (stuck).
  1339 | D:3      | 1339 ||| Stepping randomly (stuck).
  1340 | D:3      | 1340 ||| Stepping randomly (stuck).
  1341 | D:3      | 1341 ||| Stepping randomly (stuck).
  1342 | D:3      | 1342 ||| Stepping randomly (stuck).
  1343 | D:3      | 1343 ||| Stepping randomly (stuck).
  1344 | D:3      | 1344 ||| Stepping randomly (stuck).
  1345 | D:3      | 1345 ||| Stepping randomly (stuck).
  1346 | D:3      | 1346 ||| Stepping randomly (stuck).
  1347 | D:3      | 1347 ||| Stepping randomly (stuck).
  1348 | D:3      | 1348 ||| Stepping randomly (stuck).
  1349 | D:3      | 1349 ||| Stepping randomly (stuck).
  1350 | D:3      | 1350 ||| Stepping randomly (stuck).
  1351 | D:3      | 1351 ||| Stepping randomly (stuck).
  1352 | D:3      | 1352 ||| Stepping randomly (stuck).
  1353 | D:3      | 1353 ||| Stepping randomly (stuck).
  1354 | D:3      | 1354 ||| Stepping randomly (stuck).
  1355 | D:3      | 1355 ||| Stepping randomly (stuck).
  1356 | D:3      | 1356 ||| Stepping randomly (stuck).
  1357 | D:3      | 1357 ||| Stepping randomly (stuck).
  1358 | D:3      | 1358 ||| Stepping randomly (stuck).
  1359 | D:3      | 1359 ||| Stepping randomly (stuck).
  1360 | D:3      | 1360 ||| Stepping randomly (stuck).
  1361 | D:3      | 1361 ||| Stepping randomly (stuck).
  1362 | D:3      | 1362 ||| Stepping randomly (stuck).
  1363 | D:3      | 1363 ||| Stepping randomly (stuck).
  1364 | D:3      | 1364 ||| Stepping randomly (stuck).
  1365 | D:3      | 1365 ||| Stepping randomly (stuck).
  1366 | D:3      | 1366 ||| Stepping randomly (stuck).
  1367 | D:3      | 1367 ||| Stepping randomly (stuck).
  1368 | D:3      | 1368 ||| Stepping randomly (stuck).
  1369 | D:3      | 1369 ||| Stepping randomly (stuck).
  1370 | D:3      | 1370 ||| Stepping randomly (stuck).
  1371 | D:3      | 1371 ||| Stepping randomly (stuck).
  1372 | D:3      | 1372 ||| Stepping randomly (stuck).
  1373 | D:3      | 1373 ||| Stepping randomly (stuck).
  1374 | D:3      | 1374 ||| Stepping randomly (stuck).
  1375 | D:3      | 1375 ||| Stepping randomly (stuck).
  1376 | D:3      | 1376 ||| Stepping randomly (stuck).
  1377 | D:3      | 1377 ||| Stepping randomly (stuck).
  1378 | D:3      | 1378 ||| Stepping randomly (stuck).
  1379 | D:3      | 1379 ||| Stepping randomly (stuck).
  1380 | D:3      | 1380 ||| Stepping randomly (stuck).
  1381 | D:3      | 1381 ||| Stepping randomly (stuck).
  1382 | D:3      | 1382 ||| Stepping randomly (stuck).
  1383 | D:3      | 1383 ||| Stepping randomly (stuck).
  1384 | D:3      | 1384 ||| Stepping randomly (stuck).
  1385 | D:3      | 1385 ||| Stepping randomly (stuck).
  1386 | D:3      | 1386 ||| Stepping randomly (stuck).
  1387 | D:3      | 1387 ||| Stepping randomly (stuck).
  1388 | D:3      | 1388 ||| Stepping randomly (stuck).
  1389 | D:3      | 1389 ||| Stepping randomly (stuck).
  1390 | D:3      | 1390 ||| Stepping randomly (stuck).
  1391 | D:3      | 1391 ||| Stepping randomly (stuck).
  1392 | D:3      | 1392 ||| Stepping randomly (stuck).
  1393 | D:3      | 1393 ||| Stepping randomly (stuck).
  1394 | D:3      | 1394 ||| Stepping randomly (stuck).
  1395 | D:3      | 1395 ||| Stepping randomly (stuck).
  1396 | D:3      | 1396 ||| Stepping randomly (stuck).
  1397 | D:3      | 1397 ||| Stepping randomly (stuck).
  1398 | D:3      | 1398 ||| Stepping randomly (stuck).
  1399 | D:3      | 1399 ||| Stepping randomly (stuck).
  1400 | D:3      | 1400 ||| Stepping randomly (stuck).
  1401 | D:3      | 1401 ||| Stepping randomly (stuck).
  1402 | D:3      | 1402 ||| Stepping randomly (stuck).
  1403 | D:3      | 1403 ||| Stepping randomly (stuck).
  1404 | D:3      | 1404 ||| Stepping randomly (stuck).
  1405 | D:3      | 1405 ||| Stepping randomly (stuck).
  1406 | D:3      | 1406 ||| Stepping randomly (stuck).
  1407 | D:3      | 1407 ||| Stepping randomly (stuck).
  1408 | D:3      | 1408 ||| Stepping randomly (stuck).
  1409 | D:3      | 1409 ||| Stepping randomly (stuck).
  1410 | D:3      | 1410 ||| Stepping randomly (stuck).
  1411 | D:3      | 1411 ||| Stepping randomly (stuck).
  1412 | D:3      | 1412 ||| Stepping randomly (stuck).
  1413 | D:3      | 1413 ||| Stepping randomly (stuck).
  1414 | D:3      | 1414 ||| Stepping randomly (stuck).
  1415 | D:3      | 1415 ||| Stepping randomly (stuck).
  1416 | D:3      | 1416 ||| Stepping randomly (stuck).
  1417 | D:3      | 1417 ||| Stepping randomly (stuck).
  1418 | D:3      | 1418 ||| Stepping randomly (stuck).
  1419 | D:3      | 1419 ||| Stepping randomly (stuck).
  1420 | D:3      | 1420 ||| Stepping randomly (stuck).
  1421 | D:3      | 1421 ||| Stepping randomly (stuck).
  1422 | D:3      | 1422 ||| Stepping randomly (stuck).
  1423 | D:3      | 1423 ||| Stepping randomly (stuck).
  1424 | D:3      | 1424 ||| Stepping randomly (stuck).
  1425 | D:3      | 1425 ||| Stepping randomly (stuck).
  1426 | D:3      | 1426 ||| Stepping randomly (stuck).
  1427 | D:3      | 1427 ||| Stepping randomly (stuck).
  1428 | D:3      | 1428 ||| Stepping randomly (stuck).
  1429 | D:3      | 1429 ||| Stepping randomly (stuck).
  1430 | D:3      | 1430 ||| Stepping randomly (stuck).
  1431 | D:3      | 1431 ||| Stepping randomly (stuck).
  1432 | D:3      | 1432 ||| Stepping randomly (stuck).
  1433 | D:3      | 1433 ||| Stepping randomly (stuck).
  1434 | D:3      | 1434 ||| Stepping randomly (stuck).
  1435 | D:3      | 1435 ||| Stepping randomly (stuck).
  1436 | D:3      | 1436 ||| Stepping randomly (stuck).
  1437 | D:3      | 1437 ||| Stepping randomly (stuck).
  1438 | D:3      | 1438 ||| Stepping randomly (stuck).
  1439 | D:3      | 1439 ||| Stepping randomly (stuck).
  1440 | D:3      | 1440 ||| Stepping randomly (stuck).
  1441 | D:3      | 1441 ||| Stepping randomly (stuck).
  1442 | D:3      | 1442 ||| Stepping randomly (stuck).
  1443 | D:3      | 1443 ||| Stepping randomly (stuck).
  1444 | D:3      | 1444 ||| Stepping randomly (stuck).
  1445 | D:3      | 1445 ||| Stepping randomly (stuck).
  1446 | D:3      | 1446 ||| Stepping randomly (stuck).
  1447 | D:3      | 1447 ||| Stepping randomly (stuck).
  1448 | D:3      | 1448 ||| Stepping randomly (stuck).
  1449 | D:3      | 1449 ||| Stepping randomly (stuck).
  1451 | D:3      | 1451 ||| Stepping randomly (stuck).
  1452 | D:3      | 1452 ||| Stepping randomly (stuck).
  1453 | D:3      | 1453 ||| Stepping randomly (stuck).
  1454 | D:3      | 1454 ||| Stepping randomly (stuck).
  1455 | D:3      | 1455 ||| Stepping randomly (stuck).
  1456 | D:3      | 1456 ||| Stepping randomly (stuck).
  1457 | D:3      | 1457 ||| Stepping randomly (stuck).
  1458 | D:3      | 1458 ||| Stepping randomly (stuck).
  1459 | D:3      | 1459 ||| Stepping randomly (stuck).
  1460 | D:3      | 1460 ||| Stepping randomly (stuck).
  1461 | D:3      | 1461 ||| Stepping randomly (stuck).
  1462 | D:3      | 1462 ||| Stepping randomly (stuck).
  1463 | D:3      | 1463 ||| Stepping randomly (stuck).
  1464 | D:3      | 1464 ||| Stepping randomly (stuck).
  1465 | D:3      | 1465 ||| Stepping randomly (stuck).
  1466 | D:3      | 1466 ||| Stepping randomly (stuck).
  1467 | D:3      | 1467 ||| Stepping randomly (stuck).
  1468 | D:3      | 1468 ||| Stepping randomly (stuck).
  1469 | D:3      | 1469 ||| Stepping randomly (stuck).
  1470 | D:3      | 1470 ||| Stepping randomly (stuck).
  1471 | D:3      | 1471 ||| Stepping randomly (stuck).
  1472 | D:3      | 1472 ||| Stepping randomly (stuck).
  1473 | D:3      | 1473 ||| Stepping randomly (stuck).
  1474 | D:3      | 1474 ||| Stepping randomly (stuck).
  1475 | D:3      | 1475 ||| Stepping randomly (stuck).
  1476 | D:3      | 1476 ||| Stepping randomly (stuck).
  1477 | D:3      | 1477 ||| Stepping randomly (stuck).
  1478 | D:3      | 1478 ||| Stepping randomly (stuck).
  1479 | D:3      | 1479 ||| Stepping randomly (stuck).
  1480 | D:3      | 1480 ||| Stepping randomly (stuck).
  1481 | D:3      | 1481 ||| Stepping randomly (stuck).
  1482 | D:3      | 1482 ||| Stepping randomly (stuck).
  1483 | D:3      | 1483 ||| Stepping randomly (stuck).
  1484 | D:3      | 1484 ||| Stepping randomly (stuck).
  1485 | D:3      | 1485 ||| Stepping randomly (stuck).
  1486 | D:3      | 1486 ||| Stepping randomly (stuck).
  1487 | D:3      | 1487 ||| Stepping randomly (stuck).
  1488 | D:3      | 1488 ||| Stepping randomly (stuck).
  1489 | D:3      | 1489 ||| Stepping randomly (stuck).
  1490 | D:3      | 1490 ||| Stepping randomly (stuck).
  1491 | D:3      | 1491 ||| Stepping randomly (stuck).
  1492 | D:3      | 1492 ||| Stepping randomly (stuck).
  1493 | D:3      | 1493 ||| Stepping randomly (stuck).
  1517 | D:3      | 1517 ||| Stepping randomly (stuck).
  1518 | D:3      | 1518 ||| Stepping randomly (stuck).
  1519 | D:3      | 1519 ||| Stepping randomly (stuck).
  1520 | D:3      | 1520 ||| Stepping randomly (stuck).
  1521 | D:3      | 1521 ||| Stepping randomly (stuck).
  1522 | D:3      | 1522 ||| Stepping randomly (stuck).
  1523 | D:3      | 1523 ||| Stepping randomly (stuck).
  1524 | D:3      | 1524 ||| Stepping randomly (stuck).
  1525 | D:3      | 1525 ||| Stepping randomly (stuck).
  1526 | D:3      | 1526 ||| Stepping randomly (stuck).
  1527 | D:3      | 1527 ||| Stepping randomly (stuck).
  1528 | D:3      | 1528 ||| Stepping randomly (stuck).
  1529 | D:3      | 1529 ||| Stepping randomly (stuck).
  1530 | D:3      | 1530 ||| Stepping randomly (stuck).
  1531 | D:3      | 1531 ||| Stepping randomly (stuck).
  1532 | D:3      | 1532 ||| Stepping randomly (stuck).
  1533 | D:3      | 1533 ||| Stepping randomly (stuck).
  1534 | D:3      | 1534 ||| Stepping randomly (stuck).
  1535 | D:3      | 1535 ||| Stepping randomly (stuck).
  1536 | D:3      | 1536 ||| Stepping randomly (stuck).
  1537 | D:3      | 1537 ||| Stepping randomly (stuck).
  1538 | D:3      | 1538 ||| Stepping randomly (stuck).
  1539 | D:3      | 1539 ||| Stepping randomly (stuck).
  1540 | D:3      | 1540 ||| Stepping randomly (stuck).
  1541 | D:3      | 1541 ||| Stepping randomly (stuck).
  1542 | D:3      | 1542 ||| Stepping randomly (stuck).
  1543 | D:3      | 1543 ||| Stepping randomly (stuck).
  1544 | D:3      | 1544 ||| Stepping randomly (stuck).
  1545 | D:3      | 1545 ||| Stepping randomly (stuck).
  1546 | D:3      | 1546 ||| Stepping randomly (stuck).
  1547 | D:3      | 1547 ||| Stepping randomly (stuck).
  1548 | D:3      | 1548 ||| Stepping randomly (stuck).
  1549 | D:3      | 1549 ||| Stepping randomly (stuck).
  1550 | D:3      | 1550 ||| Stepping randomly (stuck).
  1551 | D:3      | 1551 ||| Stepping randomly (stuck).
  1552 | D:3      | 1552 ||| Stepping randomly (stuck).
  1553 | D:3      | 1553 ||| Stepping randomly (stuck).
  1554 | D:3      | 1554 ||| Stepping randomly (stuck).
  1555 | D:3      | 1555 ||| Stepping randomly (stuck).
  1556 | D:3      | 1556 ||| Stepping randomly (stuck).
  1557 | D:3      | 1557 ||| Stepping randomly (stuck).
  1558 | D:3      | 1558 ||| Stepping randomly (stuck).
  1559 | D:3      | 1559 ||| Stepping randomly (stuck).
  1560 | D:3      | 1560 ||| Stepping randomly (stuck).
  1561 | D:3      | 1561 ||| Stepping randomly (stuck).
  1562 | D:3      | 1562 ||| Stepping randomly (stuck).
  1563 | D:3      | 1563 ||| Stepping randomly (stuck).
  1564 | D:3      | 1564 ||| Stepping randomly (stuck).
  1565 | D:3      | 1565 ||| Stepping randomly (stuck).
  1566 | D:3      | 1566 ||| Stepping randomly (stuck).
  1567 | D:3      | 1567 ||| Stepping randomly (stuck).
  1568 | D:3      | 1568 ||| Stepping randomly (stuck).
  1569 | D:3      | 1569 ||| Stepping randomly (stuck).
  1570 | D:3      | 1570 ||| Stepping randomly (stuck).
  1571 | D:3      | 1571 ||| Stepping randomly (stuck).
  1572 | D:3      | 1572 ||| Stepping randomly (stuck).
  1573 | D:3      | 1573 ||| Stepping randomly (stuck).
  1574 | D:3      | 1574 ||| Stepping randomly (stuck).
  1575 | D:3      | 1575 ||| Stepping randomly (stuck).
  1576 | D:3      | 1576 ||| Stepping randomly (stuck).
  1577 | D:3      | 1577 ||| Stepping randomly (stuck).
  1578 | D:3      | 1578 ||| Stepping randomly (stuck).
  1579 | D:3      | 1579 ||| Stepping randomly (stuck).
  1580 | D:3      | 1580 ||| Stepping randomly (stuck).
  1581 | D:3      | 1581 ||| Stepping randomly (stuck).
  1582 | D:3      | 1582 ||| Stepping randomly (stuck).
  1583 | D:3      | 1583 ||| Stepping randomly (stuck).
  1584 | D:3      | 1584 ||| Stepping randomly (stuck).
  1585 | D:3      | 1585 ||| Stepping randomly (stuck).
  1586 | D:3      | 1586 ||| Stepping randomly (stuck).
  1587 | D:3      | 1587 ||| Stepping randomly (stuck).
  1588 | D:3      | 1588 ||| Stepping randomly (stuck).
  1589 | D:3      | 1589 ||| Stepping randomly (stuck).
  1590 | D:3      | 1590 ||| Stepping randomly (stuck).
  1591 | D:3      | 1591 ||| Stepping randomly (stuck).
  1592 | D:3      | 1592 ||| Stepping randomly (stuck).
  1593 | D:3      | 1593 ||| Stepping randomly (stuck).
  1594 | D:3      | 1594 ||| Stepping randomly (stuck).
  1595 | D:3      | 1595 ||| Stepping randomly (stuck).
  1596 | D:3      | 1596 ||| Stepping randomly (stuck).
  1597 | D:3      | 1597 ||| Stepping randomly (stuck).
  1598 | D:3      | 1598 ||| Stepping randomly (stuck).
  1599 | D:3      | 1599 ||| Stepping randomly (stuck).
  1600 | D:3      | 1600 ||| Stepping randomly (stuck).
  1601 | D:3      | 1601 ||| Stepping randomly (stuck).
  1602 | D:3      | 1602 ||| Stepping randomly (stuck).
  1603 | D:3      | 1603 ||| Stepping randomly (stuck).
  1604 | D:3      | 1604 ||| Stepping randomly (stuck).
  1605 | D:3      | 1605 ||| Stepping randomly (stuck).
  1606 | D:3      | 1606 ||| Stepping randomly (stuck).
  1607 | D:3      | 1607 ||| Stepping randomly (stuck).
  1608 | D:3      | 1608 ||| Stepping randomly (stuck).
  1609 | D:3      | 1609 ||| Stepping randomly (stuck).
  1610 | D:3      | 1610 ||| Stepping randomly (stuck).
  1611 | D:3      | 1611 ||| Stepping randomly (stuck).
  1612 | D:3      | 1612 ||| Stepping randomly (stuck).
  1613 | D:3      | 1613 ||| Stepping randomly (stuck).
  1614 | D:3      | 1614 ||| Stepping randomly (stuck).
  1615 | D:3      | 1615 ||| Stepping randomly (stuck).
  1616 | D:3      | 1616 ||| Stepping randomly (stuck).
  1617 | D:3      | 1617 ||| Stepping randomly (stuck).
  1618 | D:3      | 1618 ||| Stepping randomly (stuck).
  1619 | D:3      | 1619 ||| Stepping randomly (stuck).
  1620 | D:3      | 1620 ||| Stepping randomly (stuck).
  1621 | D:3      | 1621 ||| Stepping randomly (stuck).
  1622 | D:3      | 1622 ||| Stepping randomly (stuck).
  1623 | D:3      | 1623 ||| Stepping randomly (stuck).
  1624 | D:3      | 1624 ||| Stepping randomly (stuck).
  1625 | D:3      | 1625 ||| Stepping randomly (stuck).
  1626 | D:3      | 1626 ||| Stepping randomly (stuck).
  1627 | D:3      | 1627 ||| Stepping randomly (stuck).
  1628 | D:3      | 1628 ||| Stepping randomly (stuck).
  1629 | D:3      | 1629 ||| Stepping randomly (stuck).
  1630 | D:3      | 1630 ||| Stepping randomly (stuck).
  1631 | D:3      | 1631 ||| Stepping randomly (stuck).
  1632 | D:3      | 1632 ||| Stepping randomly (stuck).
  1633 | D:3      | 1633 ||| Stepping randomly (stuck).
  1634 | D:3      | 1634 ||| Stepping randomly (stuck).
  1635 | D:3      | 1635 ||| Stepping randomly (stuck).
  1636 | D:3      | 1636 ||| Stepping randomly (stuck).
  1637 | D:3      | 1637 ||| Stepping randomly (stuck).
  1638 | D:3      | 1638 ||| Stepping randomly (stuck).
  1639 | D:3      | 1639 ||| Stepping randomly (stuck).
  1640 | D:3      | 1640 ||| Stepping randomly (stuck).
  1641 | D:3      | 1641 ||| Stepping randomly (stuck).
  1642 | D:3      | 1642 ||| Stepping randomly (stuck).
  1643 | D:3      | 1643 ||| Stepping randomly (stuck).
  1644 | D:3      | 1644 ||| Stepping randomly (stuck).
  1645 | D:3      | 1645 ||| Stepping randomly (stuck).
  1646 | D:3      | 1646 ||| Stepping randomly (stuck).
  1647 | D:3      | 1647 ||| Stepping randomly (stuck).
  1648 | D:3      | 1648 ||| Stepping randomly (stuck).
  1649 | D:3      | 1649 ||| Stepping randomly (stuck).
  1650 | D:3      | 1650 ||| Stepping randomly (stuck).
  1651 | D:3      | 1651 ||| Stepping randomly (stuck).
  1652 | D:3      | 1652 ||| Stepping randomly (stuck).
  1653 | D:3      | 1653 ||| Stepping randomly (stuck).
  1654 | D:3      | 1654 ||| Stepping randomly (stuck).
  1655 | D:3      | 1655 ||| Stepping randomly (stuck).
  1656 | D:3      | 1656 ||| Stepping randomly (stuck).
  1657 | D:3      | 1657 ||| Stepping randomly (stuck).
  1658 | D:3      | 1658 ||| Stepping randomly (stuck).
  1659 | D:3      | 1659 ||| Stepping randomly (stuck).
  1660 | D:3      | 1660 ||| Stepping randomly (stuck).
  1661 | D:3      | 1661 ||| Stepping randomly (stuck).
  1662 | D:3      | 1662 ||| Stepping randomly (stuck).
  1663 | D:3      | 1663 ||| Stepping randomly (stuck).
  1664 | D:3      | 1664 ||| Stepping randomly (stuck).
  1665 | D:3      | 1665 ||| Stepping randomly (stuck).
  1666 | D:3      | 1666 ||| Stepping randomly (stuck).
  1667 | D:3      | 1667 ||| Stepping randomly (stuck).
  1668 | D:3      | 1668 ||| Stepping randomly (stuck).
  1669 | D:3      | 1669 ||| Stepping randomly (stuck).
  1670 | D:3      | 1670 ||| Stepping randomly (stuck).
  1671 | D:3      | 1671 ||| Stepping randomly (stuck).
  1672 | D:3      | 1672 ||| Stepping randomly (stuck).
  1673 | D:3      | 1673 ||| Stepping randomly (stuck).
  1674 | D:3      | 1674 ||| Stepping randomly (stuck).
  1675 | D:3      | 1675 ||| Stepping randomly (stuck).
  1676 | D:3      | 1676 ||| Stepping randomly (stuck).
  1677 | D:3      | 1677 ||| Stepping randomly (stuck).
  1678 | D:3      | 1678 ||| Stepping randomly (stuck).
  1679 | D:3      | 1679 ||| Stepping randomly (stuck).
  1680 | D:3      | 1680 ||| Stepping randomly (stuck).
  1681 | D:3      | 1681 ||| Stepping randomly (stuck).
  1682 | D:3      | 1682 ||| Stepping randomly (stuck).
  1683 | D:3      | 1683 ||| Stepping randomly (stuck).
  1684 | D:3      | 1684 ||| Stepping randomly (stuck).
  1685 | D:3      | 1685 ||| Stepping randomly (stuck).
  1686 | D:3      | 1686 ||| Stepping randomly (stuck).
  1687 | D:3      | 1687 ||| Stepping randomly (stuck).
  1688 | D:3      | 1688 ||| Stepping randomly (stuck).
  1689 | D:3      | 1689 ||| Stepping randomly (stuck).
  1690 | D:3      | 1690 ||| Stepping randomly (stuck).
  1691 | D:3      | 1691 ||| Stepping randomly (stuck).
  1692 | D:3      | 1692 ||| Stepping randomly (stuck).
  1693 | D:3      | 1693 ||| Stepping randomly (stuck).
  1694 | D:3      | 1694 ||| Stepping randomly (stuck).
  1695 | D:3      | 1695 ||| Stepping randomly (stuck).
  1696 | D:3      | 1696 ||| Stepping randomly (stuck).
  1697 | D:3      | 1697 ||| Stepping randomly (stuck).
  1698 | D:3      | 1698 ||| Stepping randomly (stuck).
  1699 | D:3      | 1699 ||| Stepping randomly (stuck).
  1700 | D:3      | 1700 ||| Stepping randomly (stuck).
  1701 | D:3      | 1701 ||| Stepping randomly (stuck).
  1702 | D:3      | 1702 ||| Stepping randomly (stuck).
  1703 | D:3      | 1703 ||| Stepping randomly (stuck).
  1704 | D:3      | 1704 ||| Stepping randomly (stuck).
  1705 | D:3      | 1705 ||| Stepping randomly (stuck).
  1706 | D:3      | 1706 ||| Stepping randomly (stuck).
  1707 | D:3      | 1707 ||| Stepping randomly (stuck).
  1708 | D:3      | 1708 ||| Stepping randomly (stuck).
  1709 | D:3      | 1709 ||| Stepping randomly (stuck).
  1710 | D:3      | 1710 ||| Stepping randomly (stuck).
  1711 | D:3      | 1711 ||| Stepping randomly (stuck).
  1712 | D:3      | 1712 ||| Stepping randomly (stuck).
  1713 | D:3      | 1713 ||| Stepping randomly (stuck).
  1714 | D:3      | 1714 ||| Stepping randomly (stuck).
  1715 | D:3      | 1715 ||| Stepping randomly (stuck).
  1716 | D:3      | 1716 ||| Stepping randomly (stuck).
  1717 | D:3      | 1717 ||| Stepping randomly (stuck).
  1718 | D:3      | 1718 ||| Stepping randomly (stuck).
  1719 | D:3      | 1719 ||| Stepping randomly (stuck).
  1720 | D:3      | 1720 ||| Stepping randomly (stuck).
  1721 | D:3      | 1721 ||| Stepping randomly (stuck).
  1722 | D:3      | 1722 ||| Stepping randomly (stuck).
  1723 | D:3      | 1723 ||| Stepping randomly (stuck).
  1724 | D:3      | 1724 ||| Stepping randomly (stuck).
  1725 | D:3      | 1725 ||| Stepping randomly (stuck).
  1726 | D:3      | 1726 ||| Stepping randomly (stuck).
  1727 | D:3      | 1727 ||| Stepping randomly (stuck).
  1728 | D:3      | 1728 ||| Stepping randomly (stuck).
  1729 | D:3      | 1729 ||| Stepping randomly (stuck).
  1730 | D:3      | 1730 ||| Stepping randomly (stuck).
  1731 | D:3      | 1731 ||| Stepping randomly (stuck).
  1732 | D:3      | 1732 ||| Stepping randomly (stuck).
  1733 | D:3      | 1733 ||| Stepping randomly (stuck).
  1734 | D:3      | 1734 ||| Stepping randomly (stuck).
  1735 | D:3      | 1735 ||| Stepping randomly (stuck).
  1736 | D:3      | 1736 ||| Stepping randomly (stuck).
  1737 | D:3      | 1737 ||| Stepping randomly (stuck).
  1738 | D:3      | 1738 ||| Stepping randomly (stuck).
  1739 | D:3      | 1739 ||| Stepping randomly (stuck).
  1740 | D:3      | 1740 ||| Stepping randomly (stuck).
  1741 | D:3      | 1741 ||| Stepping randomly (stuck).
  1742 | D:3      | 1742 ||| Stepping randomly (stuck).
  1743 | D:3      | 1743 ||| Stepping randomly (stuck).
  1744 | D:3      | 1744 ||| Stepping randomly (stuck).
  1745 | D:3      | 1745 ||| Stepping randomly (stuck).
  1746 | D:3      | 1746 ||| Stepping randomly (stuck).
  1747 | D:3      | 1747 ||| Stepping randomly (stuck).
  1748 | D:3      | 1748 ||| Stepping randomly (stuck).
  1749 | D:3      | 1749 ||| Stepping randomly (stuck).
  1750 | D:3      | 1750 ||| Stepping randomly (stuck).
  1751 | D:3      | 1751 ||| Stepping randomly (stuck).
  1752 | D:3      | 1752 ||| Stepping randomly (stuck).
  1753 | D:3      | 1753 ||| Stepping randomly (stuck).
  1754 | D:3      | 1754 ||| Stepping randomly (stuck).
  1755 | D:3      | 1755 ||| Stepping randomly (stuck).
  1756 | D:3      | 1756 ||| Stepping randomly (stuck).
  1757 | D:3      | 1757 ||| Stepping randomly (stuck).
  1758 | D:3      | 1758 ||| Stepping randomly (stuck).
  1759 | D:3      | 1759 ||| Stepping randomly (stuck).
  1760 | D:3      | 1760 ||| Stepping randomly (stuck).
  1761 | D:3      | 1761 ||| Stepping randomly (stuck).
  1762 | D:3      | 1762 ||| Stepping randomly (stuck).
  1763 | D:3      | 1763 ||| Stepping randomly (stuck).
  1764 | D:3      | 1764 ||| Stepping randomly (stuck).
  1765 | D:3      | 1765 ||| Stepping randomly (stuck).
  1766 | D:3      | 1766 ||| Stepping randomly (stuck).
  1767 | D:3      | 1767 ||| Stepping randomly (stuck).
  1768 | D:3      | 1768 ||| Stepping randomly (stuck).
  1769 | D:3      | 1769 ||| Stepping randomly (stuck).
  1770 | D:3      | 1770 ||| Stepping randomly (stuck).
  1771 | D:3      | 1771 ||| Stepping randomly (stuck).
  1772 | D:3      | 1772 ||| Stepping randomly (stuck).
  1773 | D:3      | 1773 ||| Stepping randomly (stuck).
  1774 | D:3      | 1774 ||| Stepping randomly (stuck).
  1775 | D:3      | 1775 ||| Stepping randomly (stuck).
  1776 | D:3      | 1776 ||| Stepping randomly (stuck).
  1777 | D:3      | 1777 ||| Stepping randomly (stuck).
  1778 | D:3      | 1778 ||| Stepping randomly (stuck).
  1779 | D:3      | 1779 ||| Stepping randomly (stuck).
  1780 | D:3      | 1780 ||| Stepping randomly (stuck).
  1781 | D:3      | 1781 ||| Stepping randomly (stuck).
  1782 | D:3      | 1782 ||| Stepping randomly (stuck).
  1783 | D:3      | 1783 ||| Stepping randomly (stuck).
  1784 | D:3      | 1784 ||| Stepping randomly (stuck).
  1785 | D:3      | 1785 ||| Stepping randomly (stuck).
  1786 | D:3      | 1786 ||| Stepping randomly (stuck).
  1787 | D:3      | 1787 ||| Stepping randomly (stuck).
  1788 | D:3      | 1788 ||| Stepping randomly (stuck).
  1789 | D:3      | 1789 ||| Stepping randomly (stuck).
  1790 | D:3      | 1790 ||| Stepping randomly (stuck).
  1791 | D:3      | 1791 ||| Stepping randomly (stuck).
  1792 | D:3      | 1792 ||| Stepping randomly (stuck).
  1793 | D:3      | 1793 ||| Stepping randomly (stuck).
  1794 | D:3      | 1794 ||| Stepping randomly (stuck).
  1795 | D:3      | 1795 ||| Stepping randomly (stuck).
  1796 | D:3      | 1796 ||| Stepping randomly (stuck).
  1797 | D:3      | 1797 ||| Stepping randomly (stuck).
  1798 | D:3      | 1798 ||| Stepping randomly (stuck).
  1799 | D:3      | 1799 ||| Stepping randomly (stuck).
  1800 | D:3      | 1800 ||| Stepping randomly (stuck).
  1801 | D:3      | 1801 ||| Stepping randomly (stuck).
  1802 | D:3      | 1802 ||| Stepping randomly (stuck).
  1803 | D:3      | 1803 ||| Stepping randomly (stuck).
  1804 | D:3      | 1804 ||| Stepping randomly (stuck).
  1805 | D:3      | 1805 ||| Stepping randomly (stuck).
  1806 | D:3      | 1806 ||| Stepping randomly (stuck).
  1807 | D:3      | 1807 ||| Stepping randomly (stuck).
  1808 | D:3      | 1808 ||| Stepping randomly (stuck).
  1809 | D:3      | 1809 ||| Stepping randomly (stuck).
  1810 | D:3      | 1810 ||| Stepping randomly (stuck).
  1811 | D:3      | 1811 ||| Stepping randomly (stuck).
  1812 | D:3      | 1812 ||| Stepping randomly (stuck).
  1813 | D:3      | 1813 ||| Stepping randomly (stuck).
  1814 | D:3      | 1814 ||| Stepping randomly (stuck).
  1815 | D:3      | 1815 ||| Stepping randomly (stuck).
  1816 | D:3      | 1816 ||| Stepping randomly (stuck).
  1817 | D:3      | 1817 ||| Stepping randomly (stuck).
  1818 | D:3      | 1818 ||| Stepping randomly (stuck).
  1819 | D:3      | 1819 ||| Stepping randomly (stuck).
  1820 | D:3      | 1820 ||| Stepping randomly (stuck).
  1821 | D:3      | 1821 ||| Stepping randomly (stuck).
  1822 | D:3      | 1822 ||| Stepping randomly (stuck).
  1823 | D:3      | 1823 ||| Stepping randomly (stuck).
  1824 | D:3      | 1824 ||| Stepping randomly (stuck).
  1825 | D:3      | 1825 ||| Stepping randomly (stuck).
  1826 | D:3      | 1826 ||| Stepping randomly (stuck).
  1827 | D:3      | 1827 ||| Stepping randomly (stuck).
  1828 | D:3      | 1828 ||| Stepping randomly (stuck).
  1829 | D:3      | 1829 ||| Stepping randomly (stuck).
  1830 | D:3      | 1830 ||| Stepping randomly (stuck).
  1831 | D:3      | 1831 ||| Stepping randomly (stuck).
  1832 | D:3      | 1832 ||| Stepping randomly (stuck).
  1833 | D:3      | 1833 ||| Stepping randomly (stuck).
  1834 | D:3      | 1834 ||| Stepping randomly (stuck).
  1835 | D:3      | 1835 ||| Stepping randomly (stuck).
  1836 | D:3      | 1836 ||| Stepping randomly (stuck).
  1837 | D:3      | 1837 ||| Stepping randomly (stuck).
  1838 | D:3      | 1838 ||| Stepping randomly (stuck).
  1839 | D:3      | 1839 ||| Stepping randomly (stuck).
  1840 | D:3      | 1840 ||| Stepping randomly (stuck).
  1841 | D:3      | 1841 ||| Stepping randomly (stuck).
  1842 | D:3      | 1842 ||| Stepping randomly (stuck).
  1843 | D:3      | 1843 ||| Stepping randomly (stuck).
  1844 | D:3      | 1844 ||| Stepping randomly (stuck).
  1845 | D:3      | 1845 ||| Stepping randomly (stuck).
  1846 | D:3      | 1846 ||| Stepping randomly (stuck).
  1847 | D:3      | 1847 ||| Stepping randomly (stuck).
  1848 | D:3      | 1848 ||| Stepping randomly (stuck).
  1849 | D:3      | 1849 ||| Stepping randomly (stuck).
  1850 | D:3      | 1850 ||| Stepping randomly (stuck).
  1851 | D:3      | 1851 ||| Stepping randomly (stuck).
  1852 | D:3      | 1852 ||| Stepping randomly (stuck).
  1853 | D:3      | 1853 ||| Stepping randomly (stuck).
  1854 | D:3      | 1854 ||| Stepping randomly (stuck).
  1855 | D:3      | 1855 ||| Stepping randomly (stuck).
  1856 | D:3      | 1856 ||| Stepping randomly (stuck).
  1857 | D:3      | 1857 ||| Stepping randomly (stuck).
  1858 | D:3      | 1858 ||| Stepping randomly (stuck).
  1859 | D:3      | 1859 ||| Stepping randomly (stuck).
  1860 | D:3      | 1860 ||| Stepping randomly (stuck).
  1861 | D:3      | 1861 ||| Stepping randomly (stuck).
  1862 | D:3      | 1862 ||| Stepping randomly (stuck).
  1863 | D:3      | 1863 ||| Stepping randomly (stuck).
  1864 | D:3      | 1864 ||| Stepping randomly (stuck).
  1865 | D:3      | 1865 ||| Stepping randomly (stuck).
  1866 | D:3      | 1866 ||| Stepping randomly (stuck).
  1867 | D:3      | 1867 ||| Stepping randomly (stuck).
  1868 | D:3      | 1868 ||| Stepping randomly (stuck).
  1869 | D:3      | 1869 ||| Stepping randomly (stuck).
  1870 | D:3      | 1870 ||| Stepping randomly (stuck).
  1871 | D:3      | 1871 ||| Stepping randomly (stuck).
  1872 | D:3      | 1872 ||| Stepping randomly (stuck).
  1873 | D:3      | 1873 ||| Stepping randomly (stuck).
  1874 | D:3      | 1874 ||| Stepping randomly (stuck).
  1875 | D:3      | 1875 ||| Stepping randomly (stuck).
  1876 | D:3      | 1876 ||| Stepping randomly (stuck).
  1877 | D:3      | 1877 ||| Stepping randomly (stuck).
  1878 | D:3      | 1878 ||| Stepping randomly (stuck).
  1879 | D:3      | 1879 ||| Stepping randomly (stuck).
  1880 | D:3      | 1880 ||| Stepping randomly (stuck).
  1881 | D:3      | 1881 ||| Stepping randomly (stuck).
  1882 | D:3      | 1882 ||| Stepping randomly (stuck).
  1884 | D:3      | Reached XP level 4. HP: 36/36 MP: 4/4
  1884 | D:3      | 1884 ||| Stepping randomly (stuck).
  1885 | D:3      | 1885 ||| Stepping randomly (stuck).
  1886 | D:3      | 1886 ||| Stepping randomly (stuck).
  1887 | D:3      | 1887 ||| Stepping randomly (stuck).
  1888 | D:3      | 1888 ||| Stepping randomly (stuck).
  1889 | D:3      | 1889 ||| Stepping randomly (stuck).
  1890 | D:3      | 1890 ||| Stepping randomly (stuck).
  1891 | D:3      | 1891 ||| Stepping randomly (stuck).
  1892 | D:3      | 1892 ||| Stepping randomly (stuck).
  1893 | D:3      | 1893 ||| Stepping randomly (stuck).
  1894 | D:3      | 1894 ||| Stepping randomly (stuck).
  1895 | D:3      | 1895 ||| Stepping randomly (stuck).
  1896 | D:3      | 1896 ||| Stepping randomly (stuck).
  1897 | D:3      | 1897 ||| Stepping randomly (stuck).
  1898 | D:3      | 1898 ||| Stepping randomly (stuck).
  1899 | D:3      | 1899 ||| Stepping randomly (stuck).
  1900 | D:3      | 1900 ||| Stepping randomly (stuck).
  1901 | D:3      | 1901 ||| Stepping randomly (stuck).
  1902 | D:3      | 1902 ||| Stepping randomly (stuck).
  1903 | D:3      | 1903 ||| Stepping randomly (stuck).
  1904 | D:3      | 1904 ||| Stepping randomly (stuck).
  1905 | D:3      | 1905 ||| Stepping randomly (stuck).
  1906 | D:3      | 1906 ||| Stepping randomly (stuck).
  1907 | D:3      | 1907 ||| Stepping randomly (stuck).
  1908 | D:3      | 1908 ||| Stepping randomly (stuck).
  1909 | D:3      | 1909 ||| Stepping randomly (stuck).
  1910 | D:3      | 1910 ||| Stepping randomly (stuck).
  1911 | D:3      | 1911 ||| Stepping randomly (stuck).
  1912 | D:3      | 1912 ||| Stepping randomly (stuck).
  1913 | D:3      | 1913 ||| Stepping randomly (stuck).
  1914 | D:3      | 1914 ||| Stepping randomly (stuck).
  1915 | D:3      | 1915 ||| Stepping randomly (stuck).
  1916 | D:3      | 1916 ||| Stepping randomly (stuck).
  1917 | D:3      | 1917 ||| Stepping randomly (stuck).
  1918 | D:3      | 1918 ||| Stepping randomly (stuck).
  1919 | D:3      | 1919 ||| Stepping randomly (stuck).
  1920 | D:3      | 1920 ||| Stepping randomly (stuck).
  1921 | D:3      | 1921 ||| Stepping randomly (stuck).
  1922 | D:3      | 1922 ||| Stepping randomly (stuck).
  1923 | D:3      | 1923 ||| Stepping randomly (stuck).
  1924 | D:3      | 1924 ||| Stepping randomly (stuck).
  1925 | D:3      | 1925 ||| Stepping randomly (stuck).
  1926 | D:3      | 1926 ||| Stepping randomly (stuck).
  1927 | D:3      | 1927 ||| Stepping randomly (stuck).
  1928 | D:3      | 1928 ||| Stepping randomly (stuck).
  1929 | D:3      | 1929 ||| Stepping randomly (stuck).
  1930 | D:3      | 1930 ||| Stepping randomly (stuck).
  1931 | D:3      | 1931 ||| Stepping randomly (stuck).
  1932 | D:3      | 1932 ||| Stepping randomly (stuck).
  1933 | D:3      | 1933 ||| Stepping randomly (stuck).
  1934 | D:3      | 1934 ||| Stepping randomly (stuck).
  1935 | D:3      | 1935 ||| Stepping randomly (stuck).
  1936 | D:3      | 1936 ||| Stepping randomly (stuck).
  1937 | D:3      | 1937 ||| Stepping randomly (stuck).
  1938 | D:3      | 1938 ||| Stepping randomly (stuck).
  1939 | D:3      | 1939 ||| Stepping randomly (stuck).
  1940 | D:3      | 1940 ||| Stepping randomly (stuck).
  1941 | D:3      | 1941 ||| Stepping randomly (stuck).
  1942 | D:3      | 1942 ||| Stepping randomly (stuck).
  1943 | D:3      | 1943 ||| Stepping randomly (stuck).
  1944 | D:3      | 1944 ||| Stepping randomly (stuck).
  1945 | D:3      | 1945 ||| Stepping randomly (stuck).
  1946 | D:3      | 1946 ||| Stepping randomly (stuck).
  1947 | D:3      | 1947 ||| Stepping randomly (stuck).
  1948 | D:3      | 1948 ||| Stepping randomly (stuck).
  1949 | D:3      | 1949 ||| Stepping randomly (stuck).
  1950 | D:3      | 1950 ||| Stepping randomly (stuck).
  1951 | D:3      | 1951 ||| Stepping randomly (stuck).
  1952 | D:3      | 1952 ||| Stepping randomly (stuck).
  1953 | D:3      | 1953 ||| Stepping randomly (stuck).
  1954 | D:3      | 1954 ||| Stepping randomly (stuck).
  1955 | D:3      | 1955 ||| Stepping randomly (stuck).
  1956 | D:3      | 1956 ||| Stepping randomly (stuck).
  1957 | D:3      | 1957 ||| Stepping randomly (stuck).
  1958 | D:3      | 1958 ||| Stepping randomly (stuck).
  1959 | D:3      | 1959 ||| Stepping randomly (stuck).
  1960 | D:3      | 1960 ||| Stepping randomly (stuck).
  1961 | D:3      | 1961 ||| Stepping randomly (stuck).
  1962 | D:3      | 1962 ||| Stepping randomly (stuck).
  1963 | D:3      | 1963 ||| Stepping randomly (stuck).
  1964 | D:3      | 1964 ||| Stepping randomly (stuck).
  1965 | D:3      | 1965 ||| Stepping randomly (stuck).
  1966 | D:3      | 1966 ||| Stepping randomly (stuck).
  1967 | D:3      | 1967 ||| Stepping randomly (stuck).
  1968 | D:3      | 1968 ||| Stepping randomly (stuck).
  1969 | D:3      | 1969 ||| Stepping randomly (stuck).
  1970 | D:3      | 1970 ||| Stepping randomly (stuck).
  1971 | D:3      | 1971 ||| Stepping randomly (stuck).
  1972 | D:3      | 1972 ||| Stepping randomly (stuck).
  1973 | D:3      | 1973 ||| Stepping randomly (stuck).
  1974 | D:3      | 1974 ||| Stepping randomly (stuck).
  1975 | D:3      | 1975 ||| Stepping randomly (stuck).
  1976 | D:3      | 1976 ||| Stepping randomly (stuck).
  1977 | D:3      | 1977 ||| Stepping randomly (stuck).
  1978 | D:3      | 1978 ||| Stepping randomly (stuck).
  1979 | D:3      | 1979 ||| Stepping randomly (stuck).
  1980 | D:3      | 1980 ||| Stepping randomly (stuck).
  1981 | D:3      | 1981 ||| Stepping randomly (stuck).
  1982 | D:3      | 1982 ||| Stepping randomly (stuck).
  1983 | D:3      | 1983 ||| Stepping randomly (stuck).
  1984 | D:3      | 1984 ||| Stepping randomly (stuck).
  1985 | D:3      | 1985 ||| Stepping randomly (stuck).
  1986 | D:3      | 1986 ||| Stepping randomly (stuck).
  1987 | D:3      | 1987 ||| Stepping randomly (stuck).
  1988 | D:3      | 1988 ||| Stepping randomly (stuck).
  1989 | D:3      | 1989 ||| Stepping randomly (stuck).
  1990 | D:3      | 1990 ||| Stepping randomly (stuck).
  1991 | D:3      | 1991 ||| Stepping randomly (stuck).
  1992 | D:3      | 1992 ||| Stepping randomly (stuck).
  1993 | D:3      | 1993 ||| Stepping randomly (stuck).
  1994 | D:3      | 1994 ||| Stepping randomly (stuck).
  1995 | D:3      | 1995 ||| Stepping randomly (stuck).
  1996 | D:3      | 1996 ||| Stepping randomly (stuck).
  1997 | D:3      | 1997 ||| Stepping randomly (stuck).
  1998 | D:3      | 1998 ||| Stepping randomly (stuck).
  1999 | D:3      | 1999 ||| Stepping randomly (stuck).
  2000 | D:3      | 2000 ||| Stepping randomly (stuck).
  2001 | D:3      | 2001 ||| Stepping randomly (stuck).
  2002 | D:3      | 2002 ||| Stepping randomly (stuck).
  2003 | D:3      | 2003 ||| Stepping randomly (stuck).
  2004 | D:3      | 2004 ||| Stepping randomly (stuck).
  2005 | D:3      | 2005 ||| Stepping randomly (stuck).
  2006 | D:3      | 2006 ||| Stepping randomly (stuck).
  2007 | D:3      | 2007 ||| Stepping randomly (stuck).
  2008 | D:3      | 2008 ||| Stepping randomly (stuck).
  2009 | D:3      | 2009 ||| Stepping randomly (stuck).
  2010 | D:3      | 2010 ||| Stepping randomly (stuck).
  2011 | D:3      | 2011 ||| Stepping randomly (stuck).
  2012 | D:3      | 2012 ||| Stepping randomly (stuck).
  2013 | D:3      | 2013 ||| Stepping randomly (stuck).
  2014 | D:3      | 2014 ||| Stepping randomly (stuck).
  2015 | D:3      | 2015 ||| Stepping randomly (stuck).
  2016 | D:3      | 2016 ||| Stepping randomly (stuck).
  2017 | D:3      | 2017 ||| Stepping randomly (stuck).
  2018 | D:3      | 2018 ||| Stepping randomly (stuck).
  2019 | D:3      | 2019 ||| Stepping randomly (stuck).
  2020 | D:3      | 2020 ||| Stepping randomly (stuck).
  2021 | D:3      | 2021 ||| Stepping randomly (stuck).
  2022 | D:3      | 2022 ||| Stepping randomly (stuck).
  2023 | D:3      | 2023 ||| Stepping randomly (stuck).
  2024 | D:3      | 2024 ||| Stepping randomly (stuck).
  2025 | D:3      | 2025 ||| Stepping randomly (stuck).
  2026 | D:3      | 2026 ||| Stepping randomly (stuck).
  2027 | D:3      | 2027 ||| Stepping randomly (stuck).
  2028 | D:3      | 2028 ||| Stepping randomly (stuck).
  2029 | D:3      | 2029 ||| Stepping randomly (stuck).
  2030 | D:3      | 2030 ||| Stepping randomly (stuck).
  2031 | D:3      | 2031 ||| Stepping randomly (stuck).
  2032 | D:3      | 2032 ||| Stepping randomly (stuck).
  2033 | D:3      | 2033 ||| Stepping randomly (stuck).
  2034 | D:3      | 2034 ||| Stepping randomly (stuck).
  2035 | D:3      | 2035 ||| Stepping randomly (stuck).
  2036 | D:3      | 2036 ||| Stepping randomly (stuck).
  2037 | D:3      | 2037 ||| Stepping randomly (stuck).
  2038 | D:3      | 2038 ||| Stepping randomly (stuck).
  2039 | D:3      | 2039 ||| Stepping randomly (stuck).
  2040 | D:3      | 2040 ||| Stepping randomly (stuck).
  2041 | D:3      | 2041 ||| Stepping randomly (stuck).
  2042 | D:3      | 2042 ||| Stepping randomly (stuck).
  2043 | D:3      | 2043 ||| Stepping randomly (stuck).
  2044 | D:3      | 2044 ||| Stepping randomly (stuck).
  2045 | D:3      | 2045 ||| Stepping randomly (stuck).
  2046 | D:3      | 2046 ||| Stepping randomly (stuck).
  2047 | D:3      | 2047 ||| Stepping randomly (stuck).
  2048 | D:3      | 2048 ||| Stepping randomly (stuck).
  2049 | D:3      | 2049 ||| Stepping randomly (stuck).
  2050 | D:3      | 2050 ||| Stepping randomly (stuck).
  2051 | D:3      | 2051 ||| Stepping randomly (stuck).
  2052 | D:3      | 2052 ||| Stepping randomly (stuck).
  2053 | D:3      | 2053 ||| Stepping randomly (stuck).
  2054 | D:3      | 2054 ||| Stepping randomly (stuck).
  2055 | D:3      | 2055 ||| Stepping randomly (stuck).
  2056 | D:3      | 2056 ||| Stepping randomly (stuck).
  2057 | D:3      | 2057 ||| Stepping randomly (stuck).
  2058 | D:3      | 2058 ||| Stepping randomly (stuck).
  2059 | D:3      | 2059 ||| Stepping randomly (stuck).
  2060 | D:3      | 2060 ||| Stepping randomly (stuck).
  2061 | D:3      | 2061 ||| Stepping randomly (stuck).
  2062 | D:3      | 2062 ||| Stepping randomly (stuck).
  2063 | D:3      | 2063 ||| Stepping randomly (stuck).
  2064 | D:3      | 2064 ||| Stepping randomly (stuck).
  2065 | D:3      | 2065 ||| Stepping randomly (stuck).
  2066 | D:3      | 2066 ||| Stepping randomly (stuck).
  2067 | D:3      | 2067 ||| Stepping randomly (stuck).
  2068 | D:3      | 2068 ||| Stepping randomly (stuck).
  2069 | D:3      | 2069 ||| Stepping randomly (stuck).
  2070 | D:3      | 2070 ||| Stepping randomly (stuck).
  2071 | D:3      | 2071 ||| Stepping randomly (stuck).
  2072 | D:3      | 2072 ||| Stepping randomly (stuck).
  2073 | D:3      | 2073 ||| Stepping randomly (stuck).
  2074 | D:3      | 2074 ||| Stepping randomly (stuck).
  2075 | D:3      | 2075 ||| Stepping randomly (stuck).
  2076 | D:3      | 2076 ||| Stepping randomly (stuck).
  2077 | D:3      | 2077 ||| Stepping randomly (stuck).
  2078 | D:3      | 2078 ||| Stepping randomly (stuck).
  2079 | D:3      | 2079 ||| Stepping randomly (stuck).
  2080 | D:3      | 2080 ||| Stepping randomly (stuck).
  2081 | D:3      | 2081 ||| Stepping randomly (stuck).
  2082 | D:3      | 2082 ||| Stepping randomly (stuck).
  2083 | D:3      | 2083 ||| Stepping randomly (stuck).
  2084 | D:3      | 2084 ||| Stepping randomly (stuck).
  2085 | D:3      | 2085 ||| Stepping randomly (stuck).
  2086 | D:3      | 2086 ||| Stepping randomly (stuck).
  2087 | D:3      | 2087 ||| Stepping randomly (stuck).
  2088 | D:3      | 2088 ||| Stepping randomly (stuck).
  2089 | D:3      | 2089 ||| Stepping randomly (stuck).
  2090 | D:3      | 2090 ||| Stepping randomly (stuck).
  2091 | D:3      | 2091 ||| Stepping randomly (stuck).
  2092 | D:3      | 2092 ||| Stepping randomly (stuck).
  2093 | D:3      | 2093 ||| Stepping randomly (stuck).
  2094 | D:3      | 2094 ||| Stepping randomly (stuck).
  2095 | D:3      | 2095 ||| Stepping randomly (stuck).
  2096 | D:3      | 2096 ||| Stepping randomly (stuck).
  2097 | D:3      | 2097 ||| Stepping randomly (stuck).
  2098 | D:3      | 2098 ||| Stepping randomly (stuck).
  2099 | D:3      | 2099 ||| Stepping randomly (stuck).
  2100 | D:3      | 2100 ||| Stepping randomly (stuck).
  2101 | D:3      | 2101 ||| Stepping randomly (stuck).
  2102 | D:3      | 2102 ||| Stepping randomly (stuck).
  2103 | D:3      | 2103 ||| Stepping randomly (stuck).
  2104 | D:3      | 2104 ||| Stepping randomly (stuck).
  2105 | D:3      | 2105 ||| Stepping randomly (stuck).
  2106 | D:3      | 2106 ||| Stepping randomly (stuck).
  2107 | D:3      | 2107 ||| Stepping randomly (stuck).
  2108 | D:3      | 2108 ||| Stepping randomly (stuck).
  2109 | D:3      | 2109 ||| Stepping randomly (stuck).
  2110 | D:3      | 2110 ||| Stepping randomly (stuck).
  2111 | D:3      | 2111 ||| Stepping randomly (stuck).
  2112 | D:3      | 2112 ||| Stepping randomly (stuck).
  2113 | D:3      | 2113 ||| Stepping randomly (stuck).
  2114 | D:3      | 2114 ||| Stepping randomly (stuck).
  2115 | D:3      | 2115 ||| Stepping randomly (stuck).
  2116 | D:3      | 2116 ||| Stepping randomly (stuck).
  2117 | D:3      | 2117 ||| Stepping randomly (stuck).
  2118 | D:3      | 2118 ||| Stepping randomly (stuck).
  2119 | D:3      | 2119 ||| Stepping randomly (stuck).
  2120 | D:3      | 2120 ||| Stepping randomly (stuck).
  2121 | D:3      | 2121 ||| Stepping randomly (stuck).
  2122 | D:3      | 2122 ||| Stepping randomly (stuck).
  2123 | D:3      | 2123 ||| Stepping randomly (stuck).
  2124 | D:3      | 2124 ||| Stepping randomly (stuck).
  2125 | D:3      | 2125 ||| Stepping randomly (stuck).
  2126 | D:3      | 2126 ||| Stepping randomly (stuck).
  2127 | D:3      | 2127 ||| Stepping randomly (stuck).
  2128 | D:3      | 2128 ||| Stepping randomly (stuck).
  2129 | D:3      | 2129 ||| Stepping randomly (stuck).
  2130 | D:3      | 2130 ||| Stepping randomly (stuck).
  2131 | D:3      | 2131 ||| Stepping randomly (stuck).
  2132 | D:3      | 2132 ||| Stepping randomly (stuck).
  2133 | D:3      | 2133 ||| Stepping randomly (stuck).
  2134 | D:3      | 2134 ||| Stepping randomly (stuck).
  2135 | D:3      | 2135 ||| Stepping randomly (stuck).
  2136 | D:3      | 2136 ||| Stepping randomly (stuck).
  2137 | D:3      | 2137 ||| Stepping randomly (stuck).
  2138 | D:3      | 2138 ||| Stepping randomly (stuck).
  2139 | D:3      | 2139 ||| Stepping randomly (stuck).
  2140 | D:3      | 2140 ||| Stepping randomly (stuck).
  2141 | D:3      | 2141 ||| Stepping randomly (stuck).
  2142 | D:3      | 2142 ||| Stepping randomly (stuck).
  2143 | D:3      | 2143 ||| Stepping randomly (stuck).
  2144 | D:3      | 2144 ||| Stepping randomly (stuck).
  2145 | D:3      | 2145 ||| Stepping randomly (stuck).
  2146 | D:3      | 2146 ||| Stepping randomly (stuck).
  2147 | D:3      | 2147 ||| Stepping randomly (stuck).
  2148 | D:3      | 2148 ||| Stepping randomly (stuck).
  2149 | D:3      | 2149 ||| Stepping randomly (stuck).
  2150 | D:3      | 2150 ||| Stepping randomly (stuck).
  2151 | D:3      | 2151 ||| Stepping randomly (stuck).
  2152 | D:3      | 2152 ||| Stepping randomly (stuck).
  2153 | D:3      | 2153 ||| Stepping randomly (stuck).
  2154 | D:3      | 2154 ||| Stepping randomly (stuck).
  2155 | D:3      | 2155 ||| Stepping randomly (stuck).
  2156 | D:3      | 2156 ||| Stepping randomly (stuck).
  2157 | D:3      | 2157 ||| Stepping randomly (stuck).
  2158 | D:3      | 2158 ||| Stepping randomly (stuck).
  2159 | D:3      | 2159 ||| Stepping randomly (stuck).
  2160 | D:3      | 2160 ||| Stepping randomly (stuck).
  2161 | D:3      | 2161 ||| Stepping randomly (stuck).
  2162 | D:3      | 2162 ||| Stepping randomly (stuck).
  2163 | D:3      | 2163 ||| Stepping randomly (stuck).
  2164 | D:3      | 2164 ||| Stepping randomly (stuck).
  2165 | D:3      | 2165 ||| Stepping randomly (stuck).
  2166 | D:3      | 2166 ||| Stepping randomly (stuck).
  2167 | D:3      | 2167 ||| Stepping randomly (stuck).
  2168 | D:3      | 2168 ||| Stepping randomly (stuck).
  2169 | D:3      | 2169 ||| Stepping randomly (stuck).
  2170 | D:3      | 2170 ||| Stepping randomly (stuck).
  2171 | D:3      | 2171 ||| Stepping randomly (stuck).
  2172 | D:3      | 2172 ||| Stepping randomly (stuck).
  2173 | D:3      | 2173 ||| Stepping randomly (stuck).
  2174 | D:3      | 2174 ||| Stepping randomly (stuck).
  2175 | D:3      | 2175 ||| Stepping randomly (stuck).
  2176 | D:3      | 2176 ||| Stepping randomly (stuck).
  2177 | D:3      | 2177 ||| Stepping randomly (stuck).
  2178 | D:3      | 2178 ||| Stepping randomly (stuck).
  2179 | D:3      | 2179 ||| Stepping randomly (stuck).
  2180 | D:3      | 2180 ||| Stepping randomly (stuck).
  2181 | D:3      | 2181 ||| Stepping randomly (stuck).
  2182 | D:3      | 2182 ||| Stepping randomly (stuck).
  2183 | D:3      | 2183 ||| Stepping randomly (stuck).
  2184 | D:3      | 2184 ||| Stepping randomly (stuck).
  2185 | D:3      | 2185 ||| Stepping randomly (stuck).
  2186 | D:3      | 2186 ||| Stepping randomly (stuck).
  2187 | D:3      | 2187 ||| Stepping randomly (stuck).
  2188 | D:3      | 2188 ||| Stepping randomly (stuck).
  2189 | D:3      | 2189 ||| Stepping randomly (stuck).
  2190 | D:3      | 2190 ||| Stepping randomly (stuck).
  2191 | D:3      | 2191 ||| Stepping randomly (stuck).
  2192 | D:3      | 2192 ||| Stepping randomly (stuck).
  2193 | D:3      | 2193 ||| Stepping randomly (stuck).
  2194 | D:3      | 2194 ||| Stepping randomly (stuck).
  2195 | D:3      | 2195 ||| Stepping randomly (stuck).
  2196 | D:3      | 2196 ||| Stepping randomly (stuck).
  2197 | D:3      | 2197 ||| Stepping randomly (stuck).
  2198 | D:3      | 2198 ||| Stepping randomly (stuck).
  2199 | D:3      | 2199 ||| Stepping randomly (stuck).
  2200 | D:3      | 2200 ||| Stepping randomly (stuck).
  2201 | D:3      | 2201 ||| Stepping randomly (stuck).
  2202 | D:3      | 2202 ||| Stepping randomly (stuck).
  2203 | D:3      | 2203 ||| Stepping randomly (stuck).
  2204 | D:3      | 2204 ||| Stepping randomly (stuck).
  2205 | D:3      | 2205 ||| Stepping randomly (stuck).
  2206 | D:3      | 2206 ||| Stepping randomly (stuck).
  2207 | D:3      | 2207 ||| Stepping randomly (stuck).
  2208 | D:3      | 2208 ||| Stepping randomly (stuck).
  2209 | D:3      | 2209 ||| Stepping randomly (stuck).
  2210 | D:3      | 2210 ||| Stepping randomly (stuck).
  2211 | D:3      | 2211 ||| Stepping randomly (stuck).
  2212 | D:3      | 2212 ||| Stepping randomly (stuck).
  2213 | D:3      | 2213 ||| Stepping randomly (stuck).
  2214 | D:3      | 2214 ||| Stepping randomly (stuck).
  2215 | D:3      | 2215 ||| Stepping randomly (stuck).
  2216 | D:3      | 2216 ||| Stepping randomly (stuck).
  2217 | D:3      | 2217 ||| Stepping randomly (stuck).
  2218 | D:3      | 2218 ||| Stepping randomly (stuck).
  2219 | D:3      | 2219 ||| Stepping randomly (stuck).
  2220 | D:3      | 2220 ||| Stepping randomly (stuck).
  2221 | D:3      | 2221 ||| Stepping randomly (stuck).
  2222 | D:3      | 2222 ||| Stepping randomly (stuck).
  2223 | D:3      | 2223 ||| Stepping randomly (stuck).
  2224 | D:3      | 2224 ||| Stepping randomly (stuck).
  2225 | D:3      | 2225 ||| Stepping randomly (stuck).
  2226 | D:3      | 2226 ||| Stepping randomly (stuck).
  2227 | D:3      | 2227 ||| Stepping randomly (stuck).
  2228 | D:3      | 2228 ||| Stepping randomly (stuck).
  2229 | D:3      | 2229 ||| Stepping randomly (stuck).
  2230 | D:3      | 2230 ||| Stepping randomly (stuck).
  2231 | D:3      | 2231 ||| Stepping randomly (stuck).
  2232 | D:3      | 2232 ||| Stepping randomly (stuck).
  2233 | D:3      | 2233 ||| Stepping randomly (stuck).
  2234 | D:3      | 2234 ||| Stepping randomly (stuck).
  2235 | D:3      | 2235 ||| Stepping randomly (stuck).
  2236 | D:3      | 2236 ||| Stepping randomly (stuck).
  2237 | D:3      | 2237 ||| Stepping randomly (stuck).
  2238 | D:3      | 2238 ||| Stepping randomly (stuck).
  2239 | D:3      | 2239 ||| Stepping randomly (stuck).
  2240 | D:3      | 2240 ||| Stepping randomly (stuck).
  2241 | D:3      | 2241 ||| Stepping randomly (stuck).
  2242 | D:3      | 2242 ||| Stepping randomly (stuck).
  2243 | D:3      | 2243 ||| Stepping randomly (stuck).
  2244 | D:3      | 2244 ||| Stepping randomly (stuck).
  2245 | D:3      | 2245 ||| Stepping randomly (stuck).
  2246 | D:3      | 2246 ||| Stepping randomly (stuck).
  2247 | D:3      | 2247 ||| Stepping randomly (stuck).
  2248 | D:3      | 2248 ||| Stepping randomly (stuck).
  2249 | D:3      | 2249 ||| Stepping randomly (stuck).
  2250 | D:3      | 2250 ||| Stepping randomly (stuck).
  2251 | D:3      | 2251 ||| Stepping randomly (stuck).
  2252 | D:3      | 2252 ||| Stepping randomly (stuck).
  2253 | D:3      | 2253 ||| Stepping randomly (stuck).
  2254 | D:3      | 2254 ||| Stepping randomly (stuck).
  2255 | D:3      | 2255 ||| Stepping randomly (stuck).
  2256 | D:3      | 2256 ||| Stepping randomly (stuck).
  2257 | D:3      | 2257 ||| Stepping randomly (stuck).
  2258 | D:3      | 2258 ||| Stepping randomly (stuck).
  2259 | D:3      | 2259 ||| Stepping randomly (stuck).
  2260 | D:3      | 2260 ||| Stepping randomly (stuck).
  2261 | D:3      | 2261 ||| Stepping randomly (stuck).
  2262 | D:3      | 2262 ||| Stepping randomly (stuck).
  2263 | D:3      | 2263 ||| Stepping randomly (stuck).
  2264 | D:3      | 2264 ||| Stepping randomly (stuck).
  2265 | D:3      | 2265 ||| Stepping randomly (stuck).
  2266 | D:3      | 2266 ||| Stepping randomly (stuck).
  2267 | D:3      | 2267 ||| Stepping randomly (stuck).
  2268 | D:3      | 2268 ||| Stepping randomly (stuck).
  2269 | D:3      | 2269 ||| Stepping randomly (stuck).
  2270 | D:3      | 2270 ||| Stepping randomly (stuck).
  2271 | D:3      | 2271 ||| Stepping randomly (stuck).
  2272 | D:3      | 2272 ||| Stepping randomly (stuck).
  2273 | D:3      | 2273 ||| Stepping randomly (stuck).
  2274 | D:3      | 2274 ||| Stepping randomly (stuck).
  2275 | D:3      | 2275 ||| Stepping randomly (stuck).
  2276 | D:3      | 2276 ||| Stepping randomly (stuck).
  2277 | D:3      | 2277 ||| Stepping randomly (stuck).
  2278 | D:3      | 2278 ||| Stepping randomly (stuck).
  2279 | D:3      | 2279 ||| Stepping randomly (stuck).
  2280 | D:3      | 2280 ||| Stepping randomly (stuck).
  2281 | D:3      | 2281 ||| Stepping randomly (stuck).
  2282 | D:3      | 2282 ||| Stepping randomly (stuck).
  2283 | D:3      | 2283 ||| Stepping randomly (stuck).
  2284 | D:3      | 2284 ||| Stepping randomly (stuck).
  2285 | D:3      | 2285 ||| Stepping randomly (stuck).
  2286 | D:3      | 2286 ||| Stepping randomly (stuck).
  2287 | D:3      | 2287 ||| Stepping randomly (stuck).
  2288 | D:3      | 2288 ||| Stepping randomly (stuck).
  2289 | D:3      | 2289 ||| Stepping randomly (stuck).
  2290 | D:3      | 2290 ||| Stepping randomly (stuck).
  2291 | D:3      | 2291 ||| Stepping randomly (stuck).
  2292 | D:3      | 2292 ||| Stepping randomly (stuck).
  2293 | D:3      | 2293 ||| Stepping randomly (stuck).
  2294 | D:3      | 2294 ||| Stepping randomly (stuck).
  2295 | D:3      | 2295 ||| Stepping randomly (stuck).
  2296 | D:3      | 2296 ||| Stepping randomly (stuck).
  2297 | D:3      | 2297 ||| Stepping randomly (stuck).
  2298 | D:3      | 2298 ||| Stepping randomly (stuck).
  2299 | D:3      | 2299 ||| Stepping randomly (stuck).
  2300 | D:3      | 2300 ||| Stepping randomly (stuck).
  2301 | D:3      | 2301 ||| Stepping randomly (stuck).
  2302 | D:3      | 2302 ||| Stepping randomly (stuck).
  2303 | D:3      | 2303 ||| Stepping randomly (stuck).
  2304 | D:3      | 2304 ||| Stepping randomly (stuck).
  2305 | D:3      | 2305 ||| Stepping randomly (stuck).
  2306 | D:3      | 2306 ||| Stepping randomly (stuck).
  2307 | D:3      | 2307 ||| Stepping randomly (stuck).
  2308 | D:3      | 2308 ||| Stepping randomly (stuck).
  2309 | D:3      | 2309 ||| Stepping randomly (stuck).
  2310 | D:3      | 2310 ||| Stepping randomly (stuck).
  2311 | D:3      | 2311 ||| Stepping randomly (stuck).
  2312 | D:3      | 2312 ||| Stepping randomly (stuck).
  2313 | D:3      | 2313 ||| Stepping randomly (stuck).
  2314 | D:3      | 2314 ||| Stepping randomly (stuck).
  2315 | D:3      | 2315 ||| Stepping randomly (stuck).
  2316 | D:3      | 2316 ||| Stepping randomly (stuck).
  2317 | D:3      | 2317 ||| Stepping randomly (stuck).
  2318 | D:3      | 2318 ||| Stepping randomly (stuck).
  2319 | D:3      | 2319 ||| Stepping randomly (stuck).
  2320 | D:3      | 2320 ||| Stepping randomly (stuck).
  2321 | D:3      | 2321 ||| Stepping randomly (stuck).
  2322 | D:3      | 2322 ||| Stepping randomly (stuck).
  2323 | D:3      | 2323 ||| Stepping randomly (stuck).
  2324 | D:3      | 2324 ||| Stepping randomly (stuck).
  2325 | D:3      | 2325 ||| Stepping randomly (stuck).
  2326 | D:3      | 2326 ||| Stepping randomly (stuck).
  2327 | D:3      | 2327 ||| Stepping randomly (stuck).
  2328 | D:3      | 2328 ||| Stepping randomly (stuck).
  2329 | D:3      | 2329 ||| Stepping randomly (stuck).
  2330 | D:3      | 2330 ||| Stepping randomly (stuck).
  2331 | D:3      | 2331 ||| Stepping randomly (stuck).
  2332 | D:3      | 2332 ||| Stepping randomly (stuck).
  2333 | D:3      | 2333 ||| Stepping randomly (stuck).
  2334 | D:3      | 2334 ||| Stepping randomly (stuck).
  2335 | D:3      | 2335 ||| Stepping randomly (stuck).
  2336 | D:3      | 2336 ||| Stepping randomly (stuck).
  2337 | D:3      | 2337 ||| Stepping randomly (stuck).
  2338 | D:3      | 2338 ||| Stepping randomly (stuck).
  2339 | D:3      | 2339 ||| Stepping randomly (stuck).
  2340 | D:3      | 2340 ||| Stepping randomly (stuck).
  2341 | D:3      | 2341 ||| Stepping randomly (stuck).
  2342 | D:3      | 2342 ||| Stepping randomly (stuck).
  2343 | D:3      | 2343 ||| Stepping randomly (stuck).
  2344 | D:3      | 2344 ||| Stepping randomly (stuck).
  2345 | D:3      | 2345 ||| Stepping randomly (stuck).
  2346 | D:3      | 2346 ||| Stepping randomly (stuck).
  2347 | D:3      | 2347 ||| Stepping randomly (stuck).
  2348 | D:3      | 2348 ||| Stepping randomly (stuck).
  2349 | D:3      | 2349 ||| Stepping randomly (stuck).
  2350 | D:3      | 2350 ||| Stepping randomly (stuck).
  2351 | D:3      | 2351 ||| Stepping randomly (stuck).
  2352 | D:3      | 2352 ||| Stepping randomly (stuck).
  2353 | D:3      | 2353 ||| Stepping randomly (stuck).
  2354 | D:3      | 2354 ||| Stepping randomly (stuck).
  2355 | D:3      | 2355 ||| Stepping randomly (stuck).
  2356 | D:3      | 2356 ||| Stepping randomly (stuck).
  2357 | D:3      | 2357 ||| Stepping randomly (stuck).
  2358 | D:3      | 2358 ||| Stepping randomly (stuck).
  2359 | D:3      | 2359 ||| Stepping randomly (stuck).
  2360 | D:3      | 2360 ||| Stepping randomly (stuck).
  2361 | D:3      | 2361 ||| Stepping randomly (stuck).
  2362 | D:3      | 2362 ||| Stepping randomly (stuck).
  2363 | D:3      | 2363 ||| Stepping randomly (stuck).
  2364 | D:3      | 2364 ||| Stepping randomly (stuck).
  2365 | D:3      | 2365 ||| Stepping randomly (stuck).
  2366 | D:3      | 2366 ||| Stepping randomly (stuck).
  2367 | D:3      | 2367 ||| Stepping randomly (stuck).
  2368 | D:3      | 2368 ||| Stepping randomly (stuck).
  2369 | D:3      | 2369 ||| Stepping randomly (stuck).
  2370 | D:3      | 2370 ||| Stepping randomly (stuck).
  2371 | D:3      | 2371 ||| Stepping randomly (stuck).
  2372 | D:3      | 2372 ||| Stepping randomly (stuck).
  2373 | D:3      | 2373 ||| Stepping randomly (stuck).
  2374 | D:3      | 2374 ||| Stepping randomly (stuck).
  2375 | D:3      | 2375 ||| Stepping randomly (stuck).
  2376 | D:3      | 2376 ||| Stepping randomly (stuck).
  2377 | D:3      | 2377 ||| Stepping randomly (stuck).
  2378 | D:3      | 2378 ||| Stepping randomly (stuck).
  2379 | D:3      | 2379 ||| Stepping randomly (stuck).
  2380 | D:3      | 2380 ||| Stepping randomly (stuck).
  2381 | D:3      | 2381 ||| Stepping randomly (stuck).
  2382 | D:3      | 2382 ||| Stepping randomly (stuck).
  2383 | D:3      | 2383 ||| Stepping randomly (stuck).
  2384 | D:3      | 2384 ||| Stepping randomly (stuck).
  2385 | D:3      | 2385 ||| Stepping randomly (stuck).
  2386 | D:3      | 2386 ||| Stepping randomly (stuck).
  2387 | D:3      | 2387 ||| Stepping randomly (stuck).
  2388 | D:3      | 2388 ||| Stepping randomly (stuck).
  2389 | D:3      | 2389 ||| Stepping randomly (stuck).
  2390 | D:3      | 2390 ||| Stepping randomly (stuck).
  2391 | D:3      | 2391 ||| Stepping randomly (stuck).
  2392 | D:3      | 2392 ||| Stepping randomly (stuck).
  2393 | D:3      | 2393 ||| Stepping randomly (stuck).
  2394 | D:3      | 2394 ||| Stepping randomly (stuck).
  2395 | D:3      | 2395 ||| Stepping randomly (stuck).
  2396 | D:3      | 2396 ||| Stepping randomly (stuck).
  2397 | D:3      | 2397 ||| Stepping randomly (stuck).
  2398 | D:3      | 2398 ||| Stepping randomly (stuck).
  2399 | D:3      | 2399 ||| Stepping randomly (stuck).
  2400 | D:3      | 2400 ||| Stepping randomly (stuck).
  2401 | D:3      | 2401 ||| Stepping randomly (stuck).
  2402 | D:3      | 2402 ||| Stepping randomly (stuck).
  2403 | D:3      | 2403 ||| Stepping randomly (stuck).
  2404 | D:3      | 2404 ||| Stepping randomly (stuck).
  2405 | D:3      | 2405 ||| Stepping randomly (stuck).
  2406 | D:3      | 2406 ||| Stepping randomly (stuck).
  2407 | D:3      | 2407 ||| Stepping randomly (stuck).
  2408 | D:3      | 2408 ||| Stepping randomly (stuck).
  2409 | D:3      | 2409 ||| Stepping randomly (stuck).
  2410 | D:3      | 2410 ||| Stepping randomly (stuck).
  2411 | D:3      | 2411 ||| Stepping randomly (stuck).
  2412 | D:3      | 2412 ||| Stepping randomly (stuck).
  2413 | D:3      | 2413 ||| Stepping randomly (stuck).
  2414 | D:3      | 2414 ||| Stepping randomly (stuck).
  2415 | D:3      | 2415 ||| Stepping randomly (stuck).
  2416 | D:3      | 2416 ||| Stepping randomly (stuck).
  2417 | D:3      | 2417 ||| Stepping randomly (stuck).
  2418 | D:3      | 2418 ||| Stepping randomly (stuck).
  2419 | D:3      | 2419 ||| Stepping randomly (stuck).
  2420 | D:3      | 2420 ||| Stepping randomly (stuck).
  2421 | D:3      | 2421 ||| Stepping randomly (stuck).
  2422 | D:3      | 2422 ||| Stepping randomly (stuck).
  2423 | D:3      | 2423 ||| Stepping randomly (stuck).
  2424 | D:3      | 2424 ||| Stepping randomly (stuck).
  2425 | D:3      | 2425 ||| Stepping randomly (stuck).
  2426 | D:3      | 2426 ||| Stepping randomly (stuck).
  2427 | D:3      | 2427 ||| Stepping randomly (stuck).
  2428 | D:3      | 2428 ||| Stepping randomly (stuck).
  2429 | D:3      | 2429 ||| Stepping randomly (stuck).
  2430 | D:3      | 2430 ||| Stepping randomly (stuck).
  2431 | D:3      | 2431 ||| Stepping randomly (stuck).
  2432 | D:3      | 2432 ||| Stepping randomly (stuck).
  2433 | D:3      | 2433 ||| Stepping randomly (stuck).
  2434 | D:3      | 2434 ||| Stepping randomly (stuck).
  2435 | D:3      | 2435 ||| Stepping randomly (stuck).
  2436 | D:3      | 2436 ||| Stepping randomly (stuck).
  2437 | D:3      | 2437 ||| Stepping randomly (stuck).
  2438 | D:3      | 2438 ||| Stepping randomly (stuck).
  2439 | D:3      | 2439 ||| Stepping randomly (stuck).
  2440 | D:3      | 2440 ||| Stepping randomly (stuck).
  2441 | D:3      | 2441 ||| Stepping randomly (stuck).
  2442 | D:3      | 2442 ||| Stepping randomly (stuck).
  2443 | D:3      | 2443 ||| Stepping randomly (stuck).
  2444 | D:3      | 2444 ||| Stepping randomly (stuck).
  2445 | D:3      | 2445 ||| Stepping randomly (stuck).
  2446 | D:3      | 2446 ||| Stepping randomly (stuck).
  2447 | D:3      | 2447 ||| Stepping randomly (stuck).
  2448 | D:3      | 2448 ||| Stepping randomly (stuck).
  2449 | D:3      | 2449 ||| Stepping randomly (stuck).
  2450 | D:3      | 2450 ||| Stepping randomly (stuck).
  2451 | D:3      | 2451 ||| Stepping randomly (stuck).
  2452 | D:3      | 2452 ||| Stepping randomly (stuck).
  2453 | D:3      | 2453 ||| Stepping randomly (stuck).
  2454 | D:3      | 2454 ||| Stepping randomly (stuck).
  2455 | D:3      | 2455 ||| Stepping randomly (stuck).
  2456 | D:3      | 2456 ||| Stepping randomly (stuck).
  2457 | D:3      | 2457 ||| Stepping randomly (stuck).
  2458 | D:3      | 2458 ||| Stepping randomly (stuck).
  2476 | D:4      | Found a glowing golden altar of the Shining One.
  2653 | D:2      | HP: 9/36 [poisoned by an adder]
  2859 | D:2      | Reached skill level 5 in Ranged Weapons
  2873 | D:2      | Identified the +0 hand axe of Lies {freeze, Fly Will+ Str+4
                  | Int-5}
  3044 | D:2      | Noticed Natasha
  3054 | D:2      | HP: 8/36 [cerulean imp/+1 spear[Natasha] (2)]
  3054 | D:2      | Slain by Natasha

Levels and vault maps discovered:
D:1:      minmay_arrival_three_doors, layout_loops_ring, basic_ecumenical_altar,
          dreamdust_mushroom_princess, minmay_misc_feat_roman,
          kennysheep_small_spiral, serial_bayou_ford_a,
          amcnicky_mini_rare_corridor_liquid, minmay_cupped
D:2:      layout_loops_ring, uniq_natasha
D:3:      layout_loops_corners, nrook_campfire
D:4:      layout_basic, lemuel_tele_altar, chequers_serial_rivers_small_b,
          uniq_grinder

Skill      XL: |  1  2  3  4 |
---------------+-------------+-----
Ranged Weapons | 3 4 5 |  5.0
Fighting       | 2 |  2.1
Dodging        | |  2.1
Spellcasting   | |  1.0
Hexes          | |  2.0

Action                     |  1- 3 |  4- 6 || total
---------------------------+-------+-------++-------
   Fire: Sling             |   127 |    48 ||   175
    Use: Scroll            |     7 |       ||     7
         Potion            |     2 |       ||     2
 Armour: Robe              |    10 |     4 ||    14
  Dodge: Dodged            |    25 |    11 ||    36

Table legend:
 A = Non-vault XP
 B = Vault XP
 C = Vault XP percentage of total XP
 D = Non-vault monster count
 E = Vault monster count
 F = Vault count percentage of total count
                 A         B        C        D         E       F
            +---------+---------+-------+---------+---------+-------
      Total |     137 |       7 |   4.9 |      58 |       4 |   6.5
            +---------+---------+-------+---------+---------+-------
        D:1 |      47 |       7 |  13.0 |      26 |       4 |  13.3
        D:2 |      79 |       0 |   0.0 |      26 |       0 |   0.0
        D:3 |       6 |       0 |   0.0 |       3 |       0 |   0.0
        D:4 |       5 |       0 |   0.0 |       3 |       0 |   0.0
            +---------+---------+-------+---------+---------+-------
